 Dungeon Crawl Stone Soup version 0.29.1-12-g30fa7ad0bf (webtiles) character file.

Game seed: 5372003321369986110

1313 booth the Gusty (level 8, 0/61 HPs)
             Began as a Black Draconian Air Elementalist on Jan 11, 2023.
             Was a Priest of Elyvilon.
             Engulfed by a steam dragon's steam (9 damage)
             ... on level 6 of the Dungeon on Jan 12, 2023.
             The game lasted 00:52:33 (7006 turns).

booth the Gusty (Black Draconian Air Elementalist)  Turns: 7006, Time: 00:52:34

Health: 0/61       AC:  6    Str: 10    XL:     8   Next: 32%
Magic:  12/14      EV: 17    Int: 18    God:    Elyvilon [***...]
Gold:   217        SH:  0    Dex: 18    Spells: 5/15 levels left

rFire   . . .      SeeInvis .   h - +1 flail (protect)
rCold   . . .      Faith    .   (no shield)
rNeg    . . .      Spirit   .   (body armour unavailable)
rPois   .          Reflect  .   (helmet restricted)
rElec   +          Harm     .   (no cloak)
rCorr   .          Rampage  .   (no gloves)
Will    .....                   (no boots)
Stlth   +++.......              (no amulet)
HPRegen 0.20/turn               m - +6 ring of dexterity
MPRegen 0.14/turn               q - +4 ring of evasion

@: no status effects
A: breathe lightning, AC +6, unfitting armour, electricity resistance,
cold-blooded
a: Breathe Lightning, Renounce Religion, Purification, Heal Other, Heal Self


You were on level 6 of the Dungeon.
You worshipped Elyvilon.
Elyvilon was most pleased with you.
You visited 1 branch of the dungeon, and saw 6 of its levels.

You collected 217 gold pieces.

Inventory:

Hand Weapons
 h - a +1 flail of protection (weapon)
 j - a +3 dagger of freezing
 k - a +0 mace
 u - a +0 war axe
Missiles
 c - 8 poisoned darts
 l - a boomerang
Magical Staves
 t - a staff of air
Jewellery
 f - an amulet of the acrobat
 m - a +6 ring of dexterity (left hand)
 q - a +4 ring of evasion (right hand)
Wands
 i - a wand of iceblast (8)
Scrolls
 b - a scroll of enchant armour
 d - a scroll of blinking
 e - a scroll of fog
 o - a scroll of fear
 r - a scroll of amnesia
 s - a scroll of noise {unknown}
Potions
 a - a potion of magic
 g - 2 potions of curing
 n - a potion of lignification
 p - a potion of cancellation


   Skills:
 + Level 2.2 Fighting
 + Level 2.5 Short Blades
 * Level 4.0 Maces & Flails
 + Level 3.2 Dodging
 + Level 3.8 Stealth
 + Level 4.2 Spellcasting
 + Level 3.6 Conjurations
 + Level 6.2 Air Magic
 + Level 0.1 Invocations


You had 5 spell levels left.
You knew the following spells:

 Your Spells              Type           Power      Damage    Failure   Level
a - Shock                 Conj/Air       84%        1d8       1%          1
b - Static Discharge      Conj/Air       21%        3-6/arc   2%          2
c - Swiftness             Air            26%        N/A       3%          3
d - Airstrike             Air            13%        2d(2-18)  11%         4

Your spell library contained the following spells:

 Spells                   Type           Power      Damage    Failure   Level
 Mephitic Cloud           Conj/Pois/Air  15%        N/A       11%         3
 Ignite Poison            Fire/Tmut/Pois 3%         N/A       41%         3
 Fulminant Prism          Conj/Hex       5%         3d7       56%         4
 Iskenderun's Mystic Bla  Conj/Tloc      10%        2d4       56%         4
 Freezing Cloud           Conj/Ice/Air   7%         6-21      71%         5
 Lee's Rapid Deconstruct  Erth           1%         3d5*      99%         5


Dungeon Overview and Level Annotations

Branches:
Dungeon (6/15)
 Temple: D:4-7

Altars:
Dithmenos
Elyvilon
Kikubaaqudgha
Qazlal
Ru
Yredelemnul
Lugonu

Shops:
D:3 =   D:4 *

Portals:
Abyss: D:1

Annotations:
D:1 2 runed translucent doors
D:6 Menkaure


Innate Abilities, Weirdness & Mutations

You can breathe wild blasts of lightning.
Your glossy black scales are hard. (AC +6)
You cannot fit into any form of body armour.
You are resistant to electric shocks. (rElec)
You are cold-blooded and may be slowed by cold attacks.


Message History

Press: ? - help, Shift-Dir - straight line, p - steam dragon The zap hits the steam dragon but does no damage.
The steam dragon is moderately wounded.
The steam dragon breathes steam at you. The ball of steam hits you!
You hear a shout!
You hear a bark!
You barely miss the steam dragon.
The steam dragon is moderately wounded.
You are engulfed in a cloud of scalding steam.
The steam dragon breathes steam at you. The ball of steam hits you!
You closely miss the steam dragon.
The steam dragon is moderately wounded.
You are engulfed in a cloud of scalding steam.
The steam dragon closely misses you.
The steam dragon claws you but does no damage.
You hit the steam dragon.
Your weapon exudes an aura of protection.
The steam dragon is heavily wounded.
The steam dragon bites you!
* * * LOW HITPOINT WARNING * * *
The steam dragon completely misses you.
Casting: Shock (safe; 1% risk of failure)
Confirm with . or Enter, or press ? or * to list all spells.
Aiming: Shock (safe; 1% risk of failure)
Press: ? - help, Shift-Dir - straight line The zap hits the steam dragon.
The steam dragon is heavily wounded.
You are engulfed in a cloud of scalding steam.
* * * LOW HITPOINT WARNING * * *
A hound comes into view.
The steam dragon bites you.
* * * LOW HITPOINT WARNING * * *
The steam dragon misses you. The steam dragon breathes steam at you.
The ball of steam misses you.
The hound barks!
Your magical contamination has completely faded away.
You are engulfed in a cloud of scalding steam.
You die...

###............... ....
.#.#...... ........ ....
........#.#.......# .....
........##........# ...
...##...)...# #...## ...
...#..#>##>.## #...##.##
.....#####...####......##..
##...####...##..#..D...h$M.
######...#.....@§§#...#?..
##..##...§§.##...#
##....§§..§# #....
##.......## ..D#..
##.###### #..... #.# #.#..
### ...#


You could see a steam dragon (catching breath) and a hound.

Vanquished Creatures
  Sigmund (D:2)
  2 ogres
  A centaur (D:5)
  A phantom (D:4)
  4 scorpions
  3 howler monkeys
  A hound (D:5)
  2 jellies (D:5)
  2 orc priests (D:5)
  3 iguanas
  2 orc wizards (D:6)
  12 adders
  An ufetubus (D:5)
  A worm (D:2)
  2 dart slugs
  8 orcs
  3 ball pythons
  12 endoplasms
  3 giant cockroaches
  11 goblins
  11 hobgoblins
  2 jackals (D:1)
  6 kobolds
  2 quokkas
  4 bats
  4 frilled lizards
  7 rats
  A spectral orc (D:3)
112 creatures vanquished.

Vanquished Creatures (others)
  A human (D:3)
1 creature vanquished.

Grand Total: 113 creatures vanquished

Notes
Turn   | Place    | Note
-------+----------+-------------------------------------------
     0 | D:1      | booth the Draconian Air Elementalist began the quest for
                  | the Orb.
     0 | D:1      | Reached XP level 1. HP: 14/14 MP: 3/3
   199 | D:1      | Reached XP level 2. HP: 12/20 MP: 0/5
   585 | D:1      | Learned a level 2 spell: Static Discharge
  1322 | D:1      | Found a large runed translucent door.
  1322 | D:1      | Found a large runed translucent door.
  1322 | D:1      | Found a corrupted altar of Lugonu.
  1322 | D:1      | Noticed a crimson imp
  1324 | D:1      | Noticed a crimson imp
  1324 | D:1      | Found a one-way gate to the infinite horrors of the Abyss.
  1326 | D:1      | Noticed a crimson imp
  1326 | D:1      | Noticed a crimson imp
  1450 | D:1      | Reached XP level 3. HP: 26/26 MP: 4/6
  2353 | D:2      | Reached XP level 4. HP: 33/33 MP: 5/7
  2389 | D:2      | Noticed Sigmund
  2400 | D:2      | Killed Sigmund
  2401 | D:2      | Reached skill level 4 in Air Magic
  2401 | D:2      | Reached XP level 5. HP: 14/38 MP: 0/9
  2698 | D:2      | Learned a level 3 spell: Swiftness
  2703 | D:2      | Learned a level 4 spell: Airstrike
  2779 | D:2      | Found a faded altar of an unknown god.
  2797 | D:2      | Prayed at the altar of an unknown god.
  2797 | D:2      | Became a worshipper of Elyvilon the Healer
  2797 | D:2      | Reached * piety under Elyvilon
  3029 | D:3      | Identified the +3 ring mail "Wiykopt" {Contam Rampage
                  | Will++ Dex+4}
  3185 | D:3      | Found Dasy's Jewellery Shop.
  3438 | D:3      | Reached ** piety under Elyvilon
  3560 | D:3      | Found an ancient bone altar of Kikubaaqudgha.
  3563 | D:3      | Noticed a human
  3566 | D:3      | Killed a human
  3643 | D:3      | Found a basalt altar of Yredelemnul.
  3769 | D:3      | Reached XP level 6. HP: 43/45 MP: 11/11
  3853 | D:4      | Found Jykergha's Assorted Antiques.
  3883 | D:4      | Reached skill level 1 in Short Blades
  4197 | D:4      | Found a stormy altar of Qazlal.
  4289 | D:4      | Found a shadowy altar of Dithmenos.
  4457 | D:4      | Reached skill level 1 in Fighting
  4457 | D:4      | Reached skill level 1 in Maces & Flails
  4661 | D:4      | Your scales start taking on a glossy black colour.
  4661 | D:4      | Reached skill level 5 in Air Magic
  4661 | D:4      | Reached XP level 7. HP: 13/52 MP: 4/12
  4661 | D:4      | Gained mutation: You are resistant to electric shocks.
                  | (rElec) [Black Draconian growth]
  4953 | D:4      | Found a sacrificial altar of Ru.
  5002 | D:5      | Entered Level 5 of the Dungeon
  5651 | D:5      | Reached *** piety under Elyvilon
  5688 | D:5      | Elyvilon protects you from harm!
  5700 | D:5      | Reached skill level 6 in Air Magic
  5700 | D:5      | Reached XP level 8. HP: 29/59 MP: 4/13
  6750 | D:6      | Noticed Menkaure
  7006 | D:6      | Engulfed by a steam dragon's steam

Illustrated notes

Levels and vault maps discovered:
D:1:      erik_arrival_cave_to_civilisation [erik_arrival_cave_to_temple],
          layout_basic, hex_large
D:2:      layout_basic, hellmonk_ecumenical_altar_prayer_group, uniq_sigmund
D:3:      layout_basic, yredelemnul_forgotten_temple_becter, tgw_kikubaaqudgha,
          serial_shops, nicolae_shop_trees, kennysheep_generic_room_5
D:4:      layout_rooms, lemuel_tele_altar, mainiacjoe_overflow_swirl,
          serial_shops, nicolae_shop_overgrown_old_shop, minmay_pentangle
D:5:      layout_loops_ring, kennysheep_cluttered_room
D:6:      layout_cave_pools, minmay_misc_feat_five, uniq_menkaure

Skill      XL: |  1  2  3  4  5  6  7  8 |
---------------+-------------------------+-----
Dodging        | 2 3 |  3.2
Stealth        | 2 3 |  3.8
Spellcasting   | 3 4 |  4.2
Conjurations   | 2 3 |  3.6
Air Magic      | 4 5 6 |  6.2
Short Blades   | 2 |  2.5
Fighting       | 1 2 |  2.2
Maces & Flails | 1 3 4 |  4.0
Invocations    | |  0.1

Action                   |  1- 3 |  4- 6 |  7- 9 || total
-------------------------+-------+-------+-------++-------
Melee: Dagger            |    37 |    90 |     1 ||   128
       Tailslap          |     3 |    15 |     6 ||    24
       Mace              |       |       |    42 ||    42
       Flail             |       |       |    10 ||    10
 Cast: Shock             |    52 |    35 |    67 ||   154
Invok: Heal Self         |       |       |     1 ||     1
       Heal Other        |       |       |     2 ||     2
  Use: Scroll            |     3 |     6 |     3 ||    12
       Potion            |       |     2 |     3 ||     5
 Stab: Sleeping          |       |     4 |     1 ||     5
Armor: Skin              |    22 |    14 |    36 ||    72
Dodge: Dodged            |    30 |    41 |    89 ||   160
